Arthur, chaotic male human Rogue --------- ----- |.......-#######-%..| |.......| |.... --------- -------------- -------- |...<...| |.`.| |..._...| |............| |!%[!.!| ------.-- ---.- |........# #.............| |%*?!!?| ## # ##........|# #|............| |*.!*?*| # # |.......|# #|............| |!*%)!/| ### # |.......|# #-------------- |@m!!%*| # # -----.---# #### |.@....| # # # # # --|----- ------------|-- # ### # # |....)...%....| ### # #------# |.............| # ####### #|....|# |..............##` -|----|-------- #.....|# |.............| |.............| |....-# --------------- |%......(.....| ------ |^............| |.............| --------------- Arthur the Footpad Experience level: 2 Strength: 12 Dexterity: 18 Constitution: 16 Intelligence: 8 Wisdom: 11 Charisma: 10 Health: 0(19) Energy: 8(8) Def: 4 Gold: 0 Moves: 1240 Dungeon seed: OMtdzr2UJLsFJfk5 Game ID: Arthur_1553641279 Your Inventory: Weapons a - a corroded +0 short sword (weapon in hand) b - 9 +0 daggers (in quiver) Armor e - an uncursed +1 leather armor n - an uncursed +0 scale mail (being worn) Comestibles k - 2 uncursed food rations Scrolls g - an uncursed scroll of light j - an uncursed scroll of teleportation Spellbooks i - an uncursed spellbook of clairvoyance Potions c - an uncursed potion of sickness h - an uncursed potion of water Tools d - an uncursed lock pick f - an uncursed sack Spells and supernatural/magical abilities: Name Level Category Fail Memory v - clairvoyance 3 divination 100% 97% W - pray for help -- divine ? -- Your skills at the end: Fighting Skills Weapon Skills dagger [Basic] short sword [Basic] Spellcasting Skills Final Attributes: You were piously aligned. You were stealthy. You are dead. Vanquished creatures: an acid blob a yellow mold a gecko 4 jackals a fox a kobold a goblin a sewer rat 5 grid bugs 3 lichens a kobold zombie 3 newts 23 creatures vanquished. Voluntary challenges: You used a wielded weapon 26 times, starting on turn 2. You read items or engraved 6 times, starting on turn 505. You never genocided any monsters. You never polymorphed an object. You never changed form. You used no wishes. You never split a pudding. You never wrote Elbereth's name. You never violated your personal moral code. Dungeon overview: The Dungeons of Doom: levels 1 to 2 Level 1 a long staircase Level 2 <- You were here a general store, an altar to Kos History has recorded: On T:1 you entered the Dungeons of Doom to retrieve the Amulet of Yendor! On T:467 you reached level 2 of The Dungeons of Doom. On T:774 you advanced to experience level 2. Score breakdown: Gold: 0 ( 0 points) Experience: 2 levels ( 5570 points) Exploration: 2 levels ( 4.17%) ( 4375 points) Discoveries: 1 item ( 0.34%) ( 1737 points) Valuables value: (no points given unless you survive) Artifact value: 0 ( 0 points) Variety of kills: 12 monsters ( 3.15%) ( 5324 points) Turncount: 1240 turns ( 0 points) Survival: died (score multiplied by 80%) Total score: 13604 Latest messages: You see here 2 blue gems (8000 zorkmids). You see here 2 food rations (120 zorkmids). You see here a clear potion (6 zorkmids). You see here 2 food rations (120 zorkmids). "For you, most gracious sir; only 60 per food ration." k - 2 food rations (unpaid, 120 zorkmids). You see here a clear potion (6 zorkmids). You see here an orange gem (4333 zorkmids). You see here a scroll labeled ELAM EBOW (133 zorkmids). You see here a yellow gem (933 zorkmids). You see here a zinc wand (266 zorkmids). You see here a clear potion (6 zorkmids). You see here a dagger (5 zorkmids). You see here a tin (6 zorkmids). You see here a gray stone (80 zorkmids). You see here a purple-red potion (133 zorkmids). You see here a food ration (60 zorkmids). You miss the small mimic. (2x) You hit the small mimic. You hit the small mimic! The small mimic hits! You hit the small mimic. (3x) You miss the small mimic. The small mimic hits! You die... Aklavik takes all your possessions. Final status: Goodbye Arthur the Rogue, killed by a small mimic... You died in The Dungeons of Doom on dungeon level 2 with 13604 points, and 0 pieces of gold, after 1240 moves. You were level 2 with a maximum of 19 hit points when you died.